 Dungeon Crawl Stone Soup version 0.30.0-13-g156ef70053 (webtiles) character file.

Game seed: 8682552242454567334

246 mortress the Chiller (level 5, -8/26 HPs)
             Began as a Deep Elf Ice Elementalist on May 16, 2023.
             Was a Follower of Hepliaklqana.
             Mangled by a mummy (13 damage)
             ... in an ossuary on May 17, 2023.
             The game lasted 00:25:03 (2941 turns).

mortress the Chiller (Deep Elf Ice Elementalist)    Turns: 2941, Time: 00:25:07

Health: -8/26      AC: 13    Str:  5    XL:     5   Next: 84%
Magic:  1/13       EV: 13    Int: 22    God:    Hepliaklqana [*.....]
Gold:   182        SH:  0    Dex: 15    Spells: 5/12 levels left

rFire   . . .        j - +1 short sword (venom)
rCold   . . .        (no shield)
rNeg    . . .        a - +0 robe
rPois   .            (no helmet)
rElec   .            (no cloak)
rCorr   .            i - +0 pair of gloves
SInv    .            q - +2 pair of boots
Will    .....        (no amulet)
Stlth   +++          (no ring)
HPRegen 0.24/turn    (no ring)
MPRegen 0.13/turn

%: no passive effects
@: ice-armoured
A: reduced essence
a: Renounce Religion, Recall Ancestor, Ancestor Identity


You were in an ossuary.
You worshipped Hepliaklqana.
Hepliaklqana was aware of your devotion.
You visited 1 branch of the dungeon, and saw 4 of its levels.
You also visited: Ossuary.

You collected 182 gold pieces.

Inventory:

Hand Weapons
 c - a +1 dagger of draining
 d - a +0 short sword
 j - a +1 short sword of venom (weapon)
Missiles
 f - 6 boomerangs
 k - 11 poisoned darts
 D - 11 stones
Armour
 a - a +0 robe (worn)
 g - a +0 pair of boots
 i - a +0 pair of gloves (worn)
 q - a +2 pair of boots (worn)
 u - a +0 cloak
Magical Staves
 x - a staff of air
Jewellery
 h - a ring of flight
 t - a ring of magical power
Wands
 C - a wand of flame (6)
Scrolls
 e - 2 scrolls of identify {unknown}
 l - 2 scrolls of noise {unknown}
 m - a scroll of amnesia
 n - 2 scrolls of blinking {unknown}
 s - a scroll of immolation {unknown}
 v - 2 scrolls of teleportation {unknown}
 y - 2 scrolls of enchant weapon {unknown}
 z - a scroll of poison {unknown}
 B - a scroll of fear {unknown}
Potions
 b - 2 potions of magic
 o - 2 potions of lignification {unknown}
 p - a potion of brilliance {unknown}
 r - 2 potions of might {unknown}
 w - a potion of mutation {unknown}
 A - a potion of curing {unknown}


   Skills:
 + Level 1.5 Fighting
 + Level 2.0 Short Blades
 + Level 3.4 Dodging
 + Level 3.8 Stealth
 + Level 4.2 Spellcasting
 + Level 5.1 Ice Magic
 + Level 1.3 Invocations


You had 5 spell levels left.
You knew the following spells:

 Your Spells              Type           Power      Damage    Failure   Level
a - Freeze                Ice            100%       1d10      1%          1
b - Frozen Ramparts       Ice            54%        1d9       4%          3
c - Ozocubu's Armour      Ice            27%        N/A       4%          3

Your spell library contained the following spells:

 Spells                   Type           Power      Damage    Failure   Level
 Beastly Appendage        Tmut           8%         N/A       11%         1
 Wereblood                Tmut           4%         N/A       17%         2
 Spider Form              Tmut/Pois      4%         N/A       32%         3
 Ice Form                 Ice/Tmut       16%        N/A       36%         4
 Summon Ice Beast         Ice/Summ       16%        N/A       36%         4


Dungeon Overview and Level Annotations

Branches:
Dungeon (4/15)            Ossuary (1/1)
 Temple: D:4-7

Altars:
Hepliaklqana
Xom

Annotations:
D:3 Sigmund


Message History

You freeze the mummy.
The mummy resists.
The mummy is heavily damaged.
You hit the mummy.
The mummy is severely damaged.
The mummy closely misses you. The mummy hits you!
Ouch! That really hurt!
* * * LOW HITPOINT WARNING * * *
Casting: Freeze (safe; 1% risk of failure)
Confirm with . or Enter, or press ? or * to list all spells.
Okay, then.
Okay, then.
Hit: j) +1 short sword (venom)
Press: ? - help, Dir - move target, f/p - mummy
Aim: a mummy (severely damaged, about 23% to evade your +1 short sword of venom)
Okay, then.
Aiming: Freeze (safe; 1% risk of failure)
Press: ? - help, Q - select action, (/) - cycle Shift-Dir - straight line, f/p - mummy
Aim: a mummy (severely damaged)
Okay, then.
Hit: j) +1 short sword (venom)
Press: ? - help, Dir - move target, f/p - mummy
Aim: a mummy (severely damaged, about 23% to evade your +1 short sword of venom)
Okay, then.
Hit: j) +1 short sword (venom)
Press: ? - help, Dir - move target, f/p - mummy
Aim: a mummy (severely damaged, about 23% to evade your +1 short sword of venom)
Okay, then.
Unknown command.
You are a level 5 Deep Elf Ice Elementalist.
You are 84% of the way to level 6.
Play time: 00:24:58 (2941 turns).
Zot will find you in 5980 turns if you stay in this branch and explore no new floors.
Unknown command.
Aiming: Throw Flame
Press: ? - help, Shift-Dir - straight line, f/p - mummy
Aim: a mummy (severely damaged, 85% to hit)
The puff of flame hits the mummy!
The mummy is burned terribly!
You destroy the mummy!
The mummy hits you!
Ouch! That really hurt!
You die...

###
######..#
#......##
+.∩.∩...#
#.@M...##
######..#
###


You could see a mummy.

Vanquished Creatures
  A jelly (D:4)
  2 iguanas
  An orc wizard (D:4)
  3 mummies
  2 adders
  A worm (D:2)
  4 dart slugs
  7 orcs
  7 ball pythons
  5 endoplasms
  A giant cockroach (D:3)
  5 goblins
  5 hobgoblins
  4 jackals (D:2)
  A quokka (D:1)
  6 bats
  3 frilled lizards
  9 kobolds
  3 rats (D:1)
70 creatures vanquished.

Vanquished Creatures (collateral kills)
  2 dart slugs (D:4)
  An endoplasm (D:4)
  An orc zombie (D:4)
4 creatures vanquished.

Vanquished Creatures (others)
  An ancestor (D:4)
1 creature vanquished.

Grand Total: 75 creatures vanquished

Notes
Turn   | Place    | Note
-------+----------+-------------------------------------------
     0 | D:1      | mortress the Deep Elf Ice Elementalist began the quest for
                  | the Orb.
     0 | D:1      | Reached XP level 1. HP: 10/10 MP: 6/6
   227 | D:1      | Reached XP level 2. HP: 4/12 MP: 4/8
  1204 | D:1      | Reached XP level 3. HP: 20/20 MP: 6/9
  1208 | D:1      | Learned a level 3 spell: Frozen Ramparts
  1212 | D:1      | Learned a level 3 spell: Ozocubu's Armour
  1359 | D:1      | Upgraded the game from 0.30.0-11-gf55b779eaf to
                  | 0.30.0-13-g156ef70053
  1606 | D:2      | Reached skill level 1 in Short Blades
  1896 | D:3      | Found a hazy altar of Hepliaklqana.
  1897 | D:3      | Found a shimmering altar of Xom.
  1898 | D:3      | Noticed a spectral ugly thing
  1905 | D:3      | Became a worshipper of Hepliaklqana the Forgotten
  1976 | D:3      | Reached skill level 1 in Fighting
  1976 | D:3      | Reached XP level 4. HP: 25/25 MP: 11/11
  2143 | D:3      | Found a faded altar of an unknown god.
  2156 | D:3      | Noticed Sigmund
  2620 | D:4      | Reached skill level 5 in Ice Magic
  2620 | D:4      | Reached XP level 5. HP: 29/29 MP: 12/12
  2634 | D:4      | Reached * piety under Hepliaklqana
  2863 | D:4      | Reached skill level 1 in Invocations
  2909 | D:4      | Found a sand-covered staircase.
  2920 | Ossuary  | Entered an ossuary
  2941 | Ossuary  | Mangled by a mummy

Illustrated notes

Levels and vault maps discovered:
D:1:      minmay_arrival_plants_in_alcoves, layout_basic,
          chequers_serial_rivers_micro_b, dk_noncrumbling_3,
          minmay_crystal_water
D:2:      layout_rooms
D:3:      layout_loops_ring, regret_index_temple_of_mockery,
          hellmonk_ecumenical_altar_lost_god, uniq_sigmund
D:4:      layout_layer_cave, nemelex_dance_club_becter,
          gammafunk_temple_overflow_forgotten, nicolae_ossuary_entry_giza,
          nicolae_wormholes
Ossuary:  ossuary_minmay_chase

Skill      XL: |  1  2  3  4  5 |
---------------+----------------+-----
Short Blades   | 1 2 |  2.0
Stealth        | 3 |  3.8
Fighting       | 1 |  1.5
Dodging        | 3 |  3.4
Ice Magic      | 5 |  5.1
Spellcasting   | 4 |  4.2
Invocations    | 1 |  1.3

Action                     |  1- 3 |  4- 6 || total
---------------------------+-------+-------++-------
  Melee: Short sword       |    45 |    49 ||    94
         Dagger            |     3 |       ||     3
         Punch             |     1 |     4 ||     5
   Cast: Freeze            |    29 |     8 ||    37
         Frozen Ramparts   |     4 |     3 ||     7
         Ozocubu's Armour  |       |     3 ||     3
 Invoke: Ancestor Identity |       |     1 ||     1
  Evoke: Wand              |       |     1 ||     1
    Use: Scroll            |     1 |       ||     1
   Stab: Sleeping          |     1 |     5 ||     6
         Distracted        |     1 |       ||     1
 Armour: Robe              |    15 |    10 ||    25
  Dodge: Dodged            |    49 |    37 ||    86
